 Dungeon Crawl Stone Soup version 0.31.0-11-ge490571c62 (webtiles) character file.

Game seed: 8513172308692739397

55 Bobbunny the Sneak (level 4, 0/35 HPs)
             Began as a Formicid Enchanter on Jan 27, 2024.
             Slain by a ribbon worm (3 damage)
             ... on level 2 of the Dungeon.
             The game lasted 00:01:56 (1903 turns).

Bobbunny the Sneak (Formicid Enchanter)             Turns: 1903, Time: 00:01:57

Health: 0/35       AC:  2    Str: 15    XL:     4   Next: 14%
Magic:  7/7        EV: 12    Int: 14    God:
Gold:   113        SH:  0    Dex: 14    Spells: 7/7 levels left

rFire   + . .        j - +0 whip
rCold   . . .        (no shield)
rNeg    . . .        b - +0 robe
rPois   .            (helmet unavailable)
rElec   .            (no cloak)
rCorr   .            (no gloves)
SInv    +            (no boots)
Will    .....        (no amulet)
Stlth   +++          h - ring of protection from fire
HPRegen 0.25/turn    (no ring)
MPRegen 0.10/turn

%: no passive effects
@: no status effects
A: permanent stasis, dig shafts and tunnels, antennae 3, four strong arms
a: Dig, Shaft Self


You were on level 2 of the Dungeon.
You visited 1 branch of the dungeon, and saw 2 of its levels.

You collected 113 gold pieces.

Inventory:

Hand Weapons
 a - a +1 dagger
 j - a +0 whip (weapon)
Armour
 b - a +0 robe (worn)
Jewellery
 h - a ring of protection from fire (left hand)
Scrolls
 d - 2 scrolls of identify {unknown}
 e - a scroll of torment {unknown}
 k - a scroll of teleportation {unknown}
 m - a scroll of revelation {unknown}
Potions
 c - 4 potions of invisibility
 f - a potion of heal wounds {unknown}
 g - a potion of brilliance {unknown}
 i - a potion of degeneration {unknown}


   Skills:
 + Level 3.2 Fighting
 - Level 1.0 Short Blades
 + Level 0.7 Axes
 - Level 1.7 Dodging
 - Level 4.0 Stealth
 - Level 2.1 Spellcasting
 - Level 3.6 Hexes


You had 7 spell levels left.
You didn't know any spells.
Your spell library contained the following spells:

 Spells                   Type           Power      Damage    Failure   Level
 Confusing Touch          Hex            11%        N/A       16%         3
 Tukima's Dance           Hex            11%        N/A       16%         3
 Ensorcelled Hibernation  Hex/Ice        12%        N/A       17%         2
 Dazzling Flash           Conj/Hex       12%        N/A       32%         3
 Dimensional Bullseye     Hex/Tloc       3%         N/A       73%         4
 Iskenderun's Mystic Bla  Conj/Tloc      1%         2d3       93%         4
 Summon Forest            Summ/Tloc      0%         N/A       100%        5
 Eringya's Noxious Bog    Alch           0%         4d6       100%        6
 Summon Hydra             Summ           0%         N/A       100%        7


Dungeon Overview and Level Annotations

Branches:
Dungeon (2/15)

Altars:


Innate Abilities, Weirdness & Mutations

You cannot be hasted, slowed, berserked, paralysed or teleported.
You can dig through walls and to a lower floor.
You have a pair of large antennae on your head. (SInv)
Your four strong arms can wield two-handed weapons with a shield.


Message History

The ribbon worm bites you.
You hit the ribbon worm.
The ribbon worm is severely wounded.
The ribbon worm bites you.
You hit the ribbon worm. Your punch misses the ribbon worm.
The ribbon worm is severely wounded.
You barely miss the ribbon worm.
The ribbon worm is severely wounded.
The ribbon worm bites you.
You hit the ribbon worm.
The ribbon worm is severely wounded.
The ribbon worm expels a string of sticky webbing.
The stream of webbing misses you.
You hit the ribbon worm but do no damage.
The ribbon worm is severely wounded.
The ribbon worm bites you but does no damage.
You completely miss the ribbon worm.
The ribbon worm is severely wounded.
The ribbon worm bites you.
* * * LOW HITPOINT WARNING * * *
You completely miss the ribbon worm.
The ribbon worm is severely wounded.
The ribbon worm bites you!
* * * LOW HITPOINT WARNING * * *
You hit the ribbon worm.
The ribbon worm is almost dead.
The ribbon worm misses you.
You completely miss the ribbon worm.
The ribbon worm is almost dead.
The ribbon worm barely misses you.
You hit the ribbon worm.
The ribbon worm is almost dead.
You barely miss the ribbon worm.
The ribbon worm is almost dead.
The ribbon worm expels a string of sticky webbing.
The stream of webbing misses you.
You barely miss the ribbon worm.
The ribbon worm is almost dead.
The ribbon worm bites you.
You die...

#.#<##.#.####.##.#.#
....##.#.####.##.#.#
#.####.#...........##
#.# #.######.......#
#.. ..# #.##.##.#
#### ### #....##.#
...# .. #.#####.#
.#.#.... #.#####.#
.†...... #...@w..#
.#.#... ####.####
.#.# #.# ...# #.#
.### #.# ## #.# #.#
#### #.# ... #.#


You could see a ribbon worm (catching breath).

Vanquished Creatures
  An adder (D:2)
  2 dart slugs (D:1)
  6 ball pythons
  4 endoplasms (D:1)
  5 giant cockroaches
  4 goblins (D:1)
  4 hobgoblins (D:1)
  3 quokkas (D:1)
  3 bats
  2 kobolds (D:1)
  2 rats
36 creatures vanquished.

Notes
Turn   | Place    | Note
-------+----------+-------------------------------------------
     0 | D:1      | Bobbunny the Formicid Enchanter began the quest for the
                  | Orb.
     0 | D:1      | Reached XP level 1. HP: 13/13 MP: 3/3
   131 | D:1      | Reached skill level 1 in Fighting
   131 | D:1      | Reached skill level 4 in Stealth
   131 | D:1      | Reached XP level 2. HP: 15/21 MP: 5/5
   407 | D:1      | Reached XP level 3. HP: 27/27 MP: 6/6
  1431 | D:2      | Reached XP level 4. HP: 26/35 MP: 7/7
  1903 | D:2      | Slain by a ribbon worm

Illustrated notes

Levels and vault maps discovered:
D:1:      dpeg_arrival_concentric_ovals, layout_basic
D:2:      layout_loops_cross

Skill      XL: |  1  2  3 |
---------------+----------+-----
Fighting       | 1 2 3 |  3.2
Stealth        | 4 |  4.0
Short Blades   | |  1.0
Axes           | |  0.7
Dodging        | |  1.7
Spellcasting   | |  2.1
Hexes          | |  3.6

Action                     |  1- 3 |  4- 6 || total
---------------------------+-------+-------++-------
  Melee: Dagger            |    83 |       ||    83
         Punch             |     1 |       ||     1
         Whip              |    22 |    69 ||    91
  Throw: Dart              |       |     4 ||     4
   Stab: Sleeping          |     7 |     1 ||     8
         Invisible         |       |     1 ||     1
 Armour: Robe              |    45 |    42 ||    87
  Dodge: Dodged            |    61 |    41 ||   102
